Map: 오토메이턴 - 래더

Players

herO

  • Race: Protoss Protoss
  • Spawn Location: 3:00

Creator - Winner!

  • Race: Protoss Protoss
  • Spawn Location: 9:00

Event: IEM Season 13: Katowice (2019)

VOD

Have the link to the VOD?

Description

Time

  • Played on: Feb. 28, 2019, 9:04 a.m.
  • Length: 7:44

All games in this series

Show
View Real Time Build Order
Export as new Build Order

herO Protoss 

Build Orders: Phoenix Opening 

Get SALT Encoding   

  12  0:00  Probe  
  13  0:12  Probe  
  14  0:18  Pylon  
  14  0:24  Probe  
  15  0:32  Probe  
  15  0:38  Gateway  
  15  0:40  Probe  
  16  0:48  Assimilator  
  17  0:50  Probe  
  17  0:55  Assimilator  
  18  0:58  Probe  
  19  1:08  Gateway, Probe  
  20  1:19  Probe  
  21  1:25  Cybernetics Core  
  21  1:31  Probe  
  22  1:35  Pylon  
  22  1:43  Probe  
  23  1:52  Warp Gate  
  23  1:56  Probe  
  24  2:02  Stalker  
  24  2:05  Sentry  
  24  2:08  Pylon  
  28  2:34  Sentry  
  30  2:39  Sentry  
  30  2:41  Nexus, Phoenix  
  30  2:43  Probe  
  32  2:56  Probe  
  32  2:58  Robotics Facility  
  33  3:08  Probe  
  34  3:17  Pylon, Phoenix  
  34  3:20  Probe  
  35  3:32  Probe  
  36  3:36  Immortal  
  36  3:40  Adept x2  
  40  3:44  Probe  
  45  3:54  Probe  
  46  3:56  Probe  
  46  4:01  Adept x2  
  51  4:06  Probe  
  51  4:08  Probe  
  53  4:10  Immortal  
  59  4:27  Probe  
  59  4:31  Pylon  
  58  4:39  Adept  
  58  4:40  Adept, Warp Prism  
  58  4:47  Probe x2  
  62  4:58  Pylon  
  62  5:02  Sentry  
  62  5:03  Sentry  
  66  5:09  Gateway  
  66  5:17  Gateway, Observer  
  67  5:26  Adept x2  
  71  5:29  Pylon  
  71  5:30  Probe x2  
  73  5:42  Probe x2  
  75  5:55  Warp Prism  
  75  6:00  Stalker x2  
  75  6:03  Stalker  
  77  6:19  Stalker x2  
  77  6:22  Probe  
  77  6:24  Stalker  
  85  6:27  Pylon x2, Stalker  
  86  6:44  Pylon  
  86  6:45  Probe x2  
  87  6:52  Zealot, Stalker x3  
  87  6:53  Warp Prism  
  95  6:56  Pylon  
  95  6:57  Probe  
  95  6:58  Probe  
  91  7:26  Adept x4  
Show
View Real Time Build Order
Export as new Build Order

Creator Protoss - Winner!

Build Orders: Phoenix Opening 

Get SALT Encoding   

  12  0:00  Probe  
  13  0:12  Probe  
  14  0:17  Pylon  
  14  0:24  Probe  
  15  0:32  Probe  
  15  0:37  Gateway  
  15  0:40  Probe  
  16  0:46  Assimilator  
  17  0:50  Probe  
  17  0:55  Assimilator  
  18  0:58  Probe  
  19  1:08  Gateway, Probe  
  20  1:20  Probe  
  21  1:26  Cybernetics Core  
  21  1:32  Probe  
  22  1:37  Pylon  
  22  1:44  Probe  
  23  1:56  Probe  
  24  2:02  Stalker  
  24  2:03  Warp Gate, Sentry  
  28  2:15  Pylon  
  28  2:31  Stalker  
  28  2:32  Stalker  
  28  2:36  Phoenix  
  32  2:48  Shield Battery  
  32  2:58  Shield Battery  
  32  3:10  Probe  
  33  3:13  Nexus  
  33  3:23  Probe  
  33  3:25  Pylon  
  34  3:35  Probe  
  35  3:43  Stargate  
  35  3:45  Stargate  
  35  3:47  Probe  
  36  3:53  Adept x2  
  40  3:59  Probe  
  41  4:11  Probe  
  42  4:20  Robotics Facility  
  42  4:22  Sentry  
  42  4:23  Probe  
  45  4:30  Phoenix  
  47  4:32  Probe  
  48  4:39  Phoenix  
  48  4:43  Adept  
  50  4:45  Phoenix  
  50  4:50  Probe x2  
  48  4:55  Assimilator  
  48  4:56  Assimilator  
  48  4:58  Probe x2  
  48  4:59  Phoenix  
  52  5:07  Probe  
  52  5:08  Probe  
  56  5:17  Pylon  
  56  5:20  Probe x2  
  58  5:22  Phoenix  
  58  5:23  Phoenix  
  62  5:36  Shield Battery  
  62  5:41  Stalker  
  64  5:51  Stalker  
  66  5:59  Probe x2  
  68  6:08  Stalker  
  68  6:13  Probe x2  
  68  6:21  Pylon  
  68  6:23  Phoenix  
  70  6:30  Immortal  
  70  6:32  Pylon  
  70  6:36  Shield Battery  
  70  6:39  Phoenix  
  76  6:41  Stalker  
  78  6:49  Pylon  
  78  6:51  Stalker  
  78  6:53  Shield Battery  
  80  6:55  Phoenix  
  80  6:56  Phoenix  
  80  7:07  Sentry  
  86  7:15  Pylon  
  86  7:17  Phoenix  
  86  7:18  Stalker  
  89  7:31  Probe x2  
  89  7:32  Zealot  

Tags
 
Add a new tag
Caveats
  • Supply blocks, unpowered buildings, or Contaminate may cause inaccurate times.
  • Supply counts are checked every 10 seconds.